 Dungeon Crawl Stone Soup version 0.16-a0-4123-g49b462e (console) character file.

471 MrRokkomies the Insei (level 7, -2/48 HPs)
             Began as a Human Transmuter on Mar 2, 2015.
             Slain by Menkaure (7 damage)
             ... in an ossuary.
             The game lasted 00:15:41 (3931 turns).

MrRokkomies the Insei (Human Transmuter)            Turns: 3931, Time: 00:15:42

Health: -2/48      AC:  6    Str: 13    XL:     7   Next: 31%
Magic:  12/12      EV: 12    Int: 13    God:
Gold:   73         SH:  0    Dex: 13    Spells: 3 memorised, 4 levels left

rFire  . . .     SeeInvis .       - Unarmed
rCold  . . .     Clarity  .     h - +1 ring mail
rNeg   . . .     SustAb   .     (no shield)
rPois  .         Gourm    .     (no helmet)
rElec  .         Spirit   .     (no cloak)
rCorr  .         Warding  .     (no gloves)
rMut   .         Stasis   .     (no boots)
MR     .....                    (no amulet)
Stlth  +.........               (no ring)
                                (no ring)

@: not resistant to hostile enchantments, very unstealthy
A: no striking features
a: no special abilities


You were in an ossuary.
You were not hungry.

You visited 1 branch of the dungeon, and saw 4 of its levels.
You also visited: Ossuary.

You collected 73 gold pieces.

Inventory:

Missiles
 b - 9 arrows
 l - 2 stones (quivered)
Armour
 h - a +1 ring mail (worn)
Jewellery
 g - an uncursed ring of fire
 m - a cursed ring of wizardry {unknown}
Magical devices
 f - a wand of frost (35)
Scrolls
 k - 2 scrolls of blinking
Potions
 e - a potion of restore abilities
 i - a potion of degeneration {unknown}
 j - a potion of brilliance {unknown}
 o - 2 potions of curing {unknown}
Books
 d - a book of Changes

   Spells                             Type                      Level
   a - Beastly Appendage              Transmutation                1
   b - Sticks to Snakes               Transmutation                2
   c - Spider Form                    Transmutation/Poison         3
   d - Ice Form                       Ice/Transmutation            4
   e - Blade Hands                    Transmutation                5
Comestibles
 a - 4 bread rations
 c - 5 meat rations


   Skills:
 - Level 1.0 Fighting
 + Level 3.7 Dodging
 * Level 5.3 Unarmed Combat
 - Level 2.0 Spellcasting
 * Level 4.9 Transmutations


You had 4 spell levels left.
You knew the following spells:

 Your Spells              Type           Power        Failure   Level  Hunger
a - Beastly Appendage     Trmt           ##....       10%         1    ##.....
b - Sticks to Snakes      Trmt           ##........   14%         2    ###....
c - Spider Form           Trmt/Pois      #.........   75%         3    ####...


Dungeon Overview and Level Annotations

Branches:
Dungeon (4/15)
 Temple: D:4-7

Altars:
Dithmenos
Trog

Annotations:
Ossuary Menkaure


Message History

Menkaure shouts!
Menkaure mumbles some strange words.
Menkaure seems to speed up.
You avoid triggering a spear trap.
There is a spear trap here.
Menkaure's ankle releases a plume of dust as he confides, "I'm not really a mummy, you know."
Menkaure calls on the powers of darkness!
Your body is wracked with pain!
You hit Menkaure.
Menkaure is heavily damaged.
Menkaure casts a spell at you. Pain shoots through your body!
Menkaure hits you!
* * * LOW HITPOINT WARNING * * *
You closely miss Menkaure.
Menkaure is heavily damaged.
Menkaure hits you but does no damage.
You hit Menkaure.
Menkaure is severely damaged.
Menkaure hits you!
You die...

##..##..## ##.. ##.^##..## ##.
##..##..## ## ##..##..## #
##..##..## ##..##^.## ##^.##..##
##..##..#################
#..##......^..^.@M.......
.^###############################
..^.......^......................
#################################


You could see Menkaure.

Vanquished Creatures
  2 eyes of draining (D:3)
  An orc priest (D:3)
  An orc wizard (D:3)
  7 gnolls (D:3)
  6 adders
  5 worms
  A giant gecko (D:2)
  2 orcs (D:3)
  A gnoll zombie (Ossuary)
  10 goblins
  11 hobgoblins
  8 jackals
  A quokka (D:2)
  A ball python (D:2)
  9 bats
  4 giant cockroaches
  5 giant newts
  2 gnoll skeletons (Ossuary)
  3 goblin skeletons (Ossuary)
  6 goblin zombies
  2 hobgoblin skeletons (Ossuary)
  2 hobgoblin zombies (Ossuary)
  7 kobolds
  5 kobold skeletons (Ossuary)
  4 kobold zombies (Ossuary)
  An orc skeleton (Ossuary)
  4 orc zombies (Ossuary)
  6 rats
  A rat skeleton (Ossuary)
  2 rat zombies (Ossuary)
120 creatures vanquished.

Vanquished Creatures (collateral kills)
  A gnoll (D:3)
  A worm (D:2)
2 creatures vanquished.

Vanquished Creatures (others)
  2 gnoll skeletons (Ossuary)
  2 gnoll zombies (Ossuary)
  3 goblin skeletons (Ossuary)
  2 goblin zombies (Ossuary)
  A hobgoblin skeleton (Ossuary)
  A hobgoblin zombie (Ossuary)
  A kobold zombie (Ossuary)
  2 orc skeletons (Ossuary)
  2 rat skeletons (Ossuary)
  2 rat zombies (Ossuary)
18 creatures vanquished.

Grand Total: 140 creatures vanquished

Notes
Turn   | Place    | Note
--------------------------------------------------------------
     0 | D:1      | MrRokkomies, the Human Transmuter, began the quest for the Orb.
     0 | D:1      | Reached XP level 1. HP: 15/15 MP: 3/3
   240 | D:1      | Reached XP level 2. HP: 21/21 MP: 4/4
   409 | D:1      | Learned a level 2 spell: Sticks to Snakes
   582 | D:2      | Reached XP level 3. HP: 26/26 MP: 6/6
   985 | D:2      | Learned a level 3 spell: Spider Form
  1276 | D:2      | Reached XP level 4. HP: 25/32 MP: 5/7
  2000 | D:2      | Reached skill level 4 in Unarmed Combat
  2000 | D:2      | Reached XP level 5. HP: 34/37 MP: 9/9
  2689 | D:3      | Reached XP level 6. HP: 15/43 MP: 10/10
  2903 | D:3      | Found a shadowy altar of Dithmenos.
  3458 | D:3      | Noticed an eye of draining
  3460 | D:3      | Found a bloodstained altar of Trog.
  3460 | D:3      | Noticed an eye of draining
  3485 | D:3      | Killed an eye of draining
  3485 | D:3      | Reached skill level 5 in Unarmed Combat
  3485 | D:3      | Reached XP level 7. HP: 45/48 MP: 0/12
  3497 | D:3      | Killed an eye of draining
  3640 | D:4      | Found a sand-covered staircase.
  3660 | Ossuary  | Entered an ossuary
  3924 | Ossuary  | Noticed Menkaure
  3931 | Ossuary  | Slain by Menkaure

Action                   |  1- 3 |  4- 6 |  7- 9 || total
-------------------------+-------+-------+-------++-------
Melee: Unarmed           |   109 |   324 |    90 ||   523
 Cast: Beastly Appendage |     5 |    23 |     3 ||    31
       Sticks to Snakes  |     1 |     2 |       ||     3
  Use: Scroll            |     2 |     6 |       ||     8
       Potion            |       |     1 |       ||     1
 Stab: Sleeping          |     1 |       |       ||     1
  Eat: Chunk             |     1 |     8 |       ||     9
       Bread ration      |       |       |     1 ||     1
